 Dungeon Crawl Stone Soup version 0.27-a0-1528-g90fbb72469 (webtiles) character file.

Game seed: 10517892697986502527

66 Morbidden the Conjurer (level 3, 25/25 HPs)
             Began as a Demonspawn Conjurer on July 11, 2021.
             Was a Follower of Nemelex Xobeh.
             Quit the game on level 2 of the Dungeon.
             The game lasted 00:01:17 (1767 turns).

Morbidden the Conjurer (Demonspawn Conjurer)        Turns: 1767, Time: 00:01:18

Health: 25/25      AC:  2    Str:  7    XL:     3   Next: 96%
Magic:  4/6        EV: 12    Int: 20    God:    Nemelex Xobeh [*.....]
Gold:   84         SH:  0    Dex: 11    Spells: 4/7 levels left

rFire    . . .     SeeInvis .   (no weapon)
rCold    . . .     Faith    .   (no shield)
rNeg     . . .     Spirit   .   a - +0 robe
rPois    .         Reflect  .   (no helmet)
rElec    .         Harm     .   (no cloak)
rCorr    .         Rampage  .   (no gloves)
Will     .....                  (no boots)
Stlth    ++........             (no amulet)
HPRegen  0.08/turn              (no ring)
MPRegen  0.10/turn              (no ring)

@: no status effects
A: powered by death 1
a: Renounce Religion, Draw Escape, Draw Destruction, Draw Summoning


You were on level 2 of the Dungeon.
You worshipped Nemelex Xobeh.
Nemelex Xobeh was aware of your devotion.
You visited 1 branch of the dungeon, and saw 2 of its levels.

You collected 84 gold pieces.

Inventory:

Armour
 a - a +0 robe (worn)
Scrolls
 c - a scroll of vulnerability {unknown}
 f - 2 scrolls of identify {unknown}
 g - a scroll of fear {unknown}
 h - 2 scrolls of summoning {unknown}
Potions
 b - a potion of curing {unknown}
 d - a potion of lignification {unknown}
 e - a potion of degeneration {unknown}
 i - 2 potions of berserk rage {unknown}


   Skills:
 * Level 0.5 Fighting
 * Level 2.4 Dodging
 + Level 1.8 Stealth
 * Level 2.6 Spellcasting
 * Level 4.7 Conjurations


You had 4 spell levels left.
You knew the following spells:

 Your Spells              Type           Power      Damage    Failure   Level
a - Magic Dart            Conj           84%        1d7       2%          1
b - Searing Ray           Conj           42%        3d4       3%          2

Your spell library contained the following spells:

 Spells                   Type           Power      Damage    Failure   Level
 Dazzling Flash           Conj/Hex       24%        N/A       17%         3
 Mephitic Cloud           Conj/Pois/Air  8%         N/A       24%         3
 Ignite Poison            Fire/Tmut/Pois 2%         N/A       41%         3
 Fulminant Prism          Conj/Hex       6%         3d7       50%         4
 Iskenderun's Mystic Bla  Conj/Tloc      12%        2d5       50%         4
 Bolt of Magma            Conj/Fire/Erth 4%         4d5       91%         5


Dungeon Overview and Level Annotations

Branches:
Dungeon (2/15)

Altars:
Nemelex Xobeh


Innate Abilities, Weirdness & Mutations

You regenerate a little health from kills.


Message History

There is an open door here.
The adder hisses angrily.
The adder closely misses you. x2
Unknown command.
Casting: Magic Dart (safe; 2% risk of failure)
Confirm with . or Enter, or press ? or * to list all spells.
Aiming: Searing Ray (safe; 3% risk of failure)
Press: ? - help, Shift-Dir - straight line, f - adder
Aim: an adder (63% to hit)
The searing ray misses the adder. (Press . to maintain the ray.)
The adder barely misses you.
Unknown command.
The searing ray hits the adder!
The adder is severely wounded.
The adder bites you but does no damage.
The searing ray hits the adder!
You kill the adder!
Unknown command.
You finish channeling your searing ray.
Key pressed, stopping explore.
Unknown command.
Unknown command.
You see here an adder corpse.
There is a faded altar of an unknown god here.
You cannot tell which god this altar belongs to.
Convert to them anyway?
Okay, then.
Unknown command.
Press < or > to pray at altars.
You cannot tell which god this altar belongs to.
Convert to them anyway?
Nemelex Xobeh accepts your prayer! Nemelex Xobeh welcomes you!
You can now draw from decks of power.
Nemelex will now gift you decks of power as you gain piety.
Unknown command.
Press < or > to pray at altars.
Unknown command.
Press < or > to pray at altars.
Okay, then.
Are you sure you want to abandon this character and quit the game? (Confirm with "yes".)

#....+.........#...#.##.# ###
.....###'#####.#......... .###.#
#.# #.#.#..###.# .....#
#.#####....)...#.# ###
..#.####..............#.# ...
..............#####.....##.###
....####.#....#8.8#...)......#
..<........8###...###8...#.#.# #
.##.........+...@†..'......#.##.#
........##.8###...###8...........
.####...##....#8.8#.....####.##.#
.# #...###...#####...>..........
## #...# ###.......####........#
#. .# #######.............. .#
#.####...#.###. #.##.....#.###.
#....##.......#


There were no monsters in sight!

Vanquished Creatures
  4 adders (D:2)
  A worm (D:2)
  2 endoplasms (D:1)
  2 giant cockroaches
  A goblin (D:1)
  3 hobgoblins
  7 ball pythons
  2 bats
  2 frilled lizards
  3 kobolds (D:2)
  2 rats
29 creatures vanquished.

Notes
Turn   | Place    | Note
-------+----------+-------------------------------------------
     0 | D:1      | Morbidden the Demonspawn Conjurer began the quest for the
                  | Orb.
     0 | D:1      | Reached XP level 1. HP: 13/13 MP: 3/3
   318 | D:1      | Gained mutation: You regenerate a little health from kills.
                  | [demonic ancestry]
   318 | D:1      | Reached XP level 2. HP: 19/19 MP: 1/5
   887 | D:1      | Learned a level 2 spell: Searing Ray
  1031 | D:2      | Reached XP level 3. HP: 12/24 MP: 2/6
  1726 | D:2      | Found a faded altar of an unknown god.
  1766 | D:2      | Became a worshipper of Nemelex Xobeh the Trickster
  1766 | D:2      | Reached * piety under Nemelex Xobeh
  1767 | D:2      | Quit the game

Illustrated notes

Levels and vault maps discovered:
D:1:      dpeg_arrival_pond, layout_rooms, minmay_misc_feat_rugged,
          minmay_tetromino_o2
D:2:      layout_basic, dreamdust_ecumenical_altar_angels_and_demons

Skill      XL: |  1  2 |
---------------+-------+-----
Dodging        | 2 |  2.4
Fighting       | |  0.5
Stealth        | |  1.8
Spellcasting   | |  2.6
Conjurations   | |  4.7

Action                   || total
-------------------------++-------
Melee: Unarmed           ||     4
 Cast: Magic Dart        ||    53
       Searing Ray       ||     3
 Stab: Sleeping          ||     1
Armor: Robe              ||     4
Dodge: Dodged            ||    13

Table legend: (Time is in decaauts)
 A = Elapsed time spent in this place.
 B = Non-inter-level travel time spent in this place.
 C = Inter-level travel time spent in this place.
 D = Time resting spent in this place.
 E = Time spent auto-exploring this place.
 F = Levels seen in this place.
 G = Mean time per level.
                   A        B        C        D        E       F      G
               +--------+--------+--------+--------+--------+-----+--------+
         Total |   1767 |   1751 |     16 |    269 |   1336 |   2 |  883.5 |
       Dungeon |   1767 |   1751 |     16 |    269 |   1336 |   2 |  883.5 |
               +--------+--------+--------+--------+--------+-----+--------+

Top non-repeatable levels by time:
     D:1: 942 daAuts
     D:2: 825 daAuts
